 Dungeon Crawl Stone Soup version 0.31.0-9-g3a7656b989 (webtiles) character file.

Game seed: 6088945644561688253

116 Peloso the Shield-Bearer (level 4, -7/40 HPs)
             Began as a Minotaur Fighter on Jan 30, 2024.
             Mangled by an ogre
             ... wielding a +0 giant spiked club
              (28 damage)
             ... on level 3 of the Dungeon.
             The game lasted 00:07:22 (1978 turns).

Peloso the Shield-Bearer (Minotaur Fighter)         Turns: 1978, Time: 00:07:22

Health: -7/40      AC:  7    Str: 17 (20) XL:     4   Next: 69%
Magic:  3/3        EV:  9    Int:  4 (5)  God:
Gold:   138        SH:  4    Dex: 10 (12) Spells: 3/3 levels left

rFire   . . .        a - +1 long sword
rCold   . . .        d - +0 buckler
rNeg    . . .        b - +0 scale mail
rPois   .            (helmet restricted)
rElec   .            (no cloak)
rCorr   .            (no gloves)
SInv    .            (no boots)
Will    .....        (no amulet) Stlth
                     (no ring)
HPRegen 0.26/turn    (no ring)
MPRegen 0.08/turn

%: no passive effects
@: no status effects
A: horns 2, retaliatory headbutt
a: no special abilities


You were on level 3 of the Dungeon.
You visited 1 branch of the dungeon, and saw 3 of its levels.

You collected 138 gold pieces.

Inventory:

Hand Weapons
 a - a +1 long sword (weapon)
Armour
 b - a +0 scale mail (worn)
 c - a +0 pair of boots
 d - a +0 buckler (worn)
Scrolls
 f - a scroll of fog {unknown}
 j - a scroll of revelation
 l - a scroll of summoning {unknown}
 n - a scroll of vulnerability {unknown}
Potions
 e - a potion of might
 g - a potion of attraction
 h - a potion of curing


   Skills:
 + Level 4.2 Fighting
 + Level 4.0 Long Blades
 + Level 4.2 Armour
 + Level 1.4 Dodging
 + Level 4.3 Shields


You had 3 spell levels left.
You didn't know any spells.
Your spell library contained the following spells:

 Spells                   Type           Power      Damage    Failure   Level
 Apportation              Tloc           0%         N/A       93%         1
 Necrotise                Necr           0%         1d4       93%         1
 Sting                    Conj/Alch      0%         1d3       93%         1
 Summon Small Mammal      Summ           0%         N/A       93%         1


Dungeon Overview and Level Annotations

Branches:
Dungeon (3/15)

Altars:
Ashenzari


Innate Abilities, Weirdness & Mutations

You have a pair of horns on your head.
You reflexively headbutt those who attack you in melee.


Message History

Found a stone staircase leading down.
A goblin is nearby!
There is an open door here.
The goblin barely misses you. The goblin hits you but does no damage.
You closely miss the goblin. The goblin hits you but does no damage.
You hit the goblin.
You kill the goblin!
Your Long Blades skill increases to level 4!
Things that are here:
a +0 dagger; a goblin corpse A kobold comes into view.
It is wielding a +0 short sword.
A kobold is nearby!
A kobold is nearby!
Found a scroll labelled ILLEXOJUB OSSI.
You slash the kobold!
You kill the kobold!
Things that are here:
a +0 short sword; a kobold corpse
Found an escape hatch in the ceiling.
An ogre comes into view. It is wielding a +0 giant spiked club.
The ogre shouts!
You see here a scroll labelled ILLEXOJUB OSSI.
An ogre is nearby!
You aren't carrying any items that you can evoke.
You completely miss the ogre. You headbutt the ogre!
The ogre is moderately wounded.
You block the ogre's attack.
You completely miss the ogre.
The ogre is moderately wounded.
The ogre hits you with a +0 giant spiked club!!
You hit the ogre.
The ogre is heavily wounded.
An adder comes into view.
You barely miss the ogre.
The ogre is heavily wounded.
The adder hisses angrily.
The ogre hits you with a +0 giant spiked club!!
Ouch! That really hurt!
You die...

#. .## #.### ..# #...
...#. ####..###....S
.............
#######...........
#.................
#.........@O......
#........?...<.... #
#................. #
####................#
#
....................#
#
.......)....##.......
# ...####..####
.###### # ## ##.##
.#8P#~~ # ##..#
.#..#.


You could see an ogre and an adder.

Vanquished Creatures
  A jelly (D:2)
  5 adders
  A ribbon worm (D:2)
  4 bats
  7 endoplasms
  2 giant cockroaches
  3 goblins
  4 hobgoblins
  A quokka (D:2)
  2 ball pythons
  3 frilled lizards (D:2)
  6 kobolds
  4 rats
43 creatures vanquished.

Notes
Turn   | Place    | Note
-------+----------+-------------------------------------------
     0 | D:1      | Peloso the Minotaur Fighter began the quest for the Orb.
     0 | D:1      | Reached XP level 1. HP: 19/19 MP: 0/0
   223 | D:1      | Reached XP level 2. HP: 20/27 MP: 1/1
  1073 | D:2      | Found a broken altar of Ashenzari.
  1125 | D:2      | Reached skill level 1 in Dodging
  1125 | D:2      | Reached XP level 3. HP: 25/33 MP: 2/2
  1165 | D:2      | Found a faded altar of an unknown god.
  1372 | D:2      | Reached XP level 4. HP: 40/40 MP: 3/3
  1970 | D:3      | Noticed an ogre
  1978 | D:3      | Mangled by an ogre

Illustrated notes

Levels and vault maps discovered:
D:1:      wheals_arrival_shading, layout_basic
D:2:      layout_loops_cross, chequers_ecumenical_altar_twisty, basic_altar
D:3:      gammafunk_steamed_eel, layout_basic, nicolae_sif_muna_little_library,
          nicolae_ru_great_annihilating_truth, serial_shops, shop

Skill      XL: |  1  2  3  4 |
---------------+-------------+-----
Shields        | 4 |  4.3
Armour         | 4 |  4.2
Dodging        | 1 |  1.4
Fighting       | 4 |  4.2
Long Blades    | 3 4 |  4.0

Action                     |  1- 3 |  4- 6 || total
---------------------------+-------+-------++-------
  Melee: Long sword        |    61 |    36 ||    97
         Headbutt          |     6 |     8 ||    14
    Use: Scroll            |     4 |     1 ||     5
         Potion            |     1 |     3 ||     4
 Armour: Scale mail        |    44 |    18 ||    62
  Dodge: Dodged            |    32 |    10 ||    42
  Block: Buckler           |    17 |    10 ||    27
